 Dungeon Crawl Stone Soup version 0.31-a0-986-g5e6e4ef867 (console) character file.

Game seed: 4067078192410300264

311 petzl the Sneak (level 6, -2/46 (48) HPs)
             Began as a Formicid Delver on Nov 16, 2023.
             Slain by a phantom (3 damage)
             ... on level 5 of the Dungeon.
             The game lasted 00:13:22 (2691 turns).

petzl the Sneak (Formicid Delver)                   Turns: 2691, Time: 00:13:23

HP:   -2/46 (48)    AC:  7    Str: 16    XL:     6   Next: 70%
MP:   11/11         EV: 12    Int: 12    God:
Gold: 188           SH:  0    Dex: 20    Spells: 9/12 levels left

rFire   . . .        b - +2 dagger (elec) {!f =f}
rCold   x . .        (no shield)
rNeg    . . .        d - +3 leather armour of the Skies Above {rElec rC- Dex+5}
rPois   .            (helmet unavailable)
rElec   +            j - +0 cloak
rCorr   .            (no gloves)
SInv    +            (no boots)
Will    .....        (no amulet)
Stlth   +++          (no ring)
HPRegen 0.27/turn    (no ring)
MPRegen 0.12/turn

%: no passive effects
@: lightly drained
A: permanent stasis, dig shafts and tunnels, antennae 3, four strong arms
a: Dig, Shaft Self


You were on level 5 of the Dungeon.
You visited 1 branch of the dungeon, and saw 8 of its levels.

You collected 188 gold pieces.

Inventory:

Hand Weapons
 a - a +0 shortbow
 b - a +2 dagger of electrocution (weapon) {!f =f}
 l - a +0 sling
 v - a +0 mace
 x - a +0 quarterstaff
Missiles
 h - 6 poisoned darts
 w - 3 throwing nets
Armour
 d - the +3 leather armour of the Skies Above (worn) {rElec rC- Dex+5}
   (You found it on level 8 of the Dungeon)

   Dex+5:     It affects your dexterity (+5).
   rC-:       It makes you vulnerable to cold.
   rElec:     It insulates you from electricity.
 j - a +0 cloak (worn)
 t - a +0 ring mail
Jewellery
 s - a ring of wizardry
Wands
 f - a wand of digging (3)
Scrolls
 c - a scroll of fog
 e - a scroll of fear
 g - a scroll of amnesia {unknown}
 i - a scroll of enchant armour
Potions
 k - a potion of curing {unknown}
 m - a potion of berserk rage {unknown}
 o - a potion of enlightenment {unknown}
 p - a potion of haste {unknown}
 q - 2 potions of heal wounds {unknown}
 r - a potion of resistance {unknown}
 u - a potion of attraction {unknown}


   Skills:
 + Level 3.7 Fighting
 - Level 2.0 Maces & Flails
 + Level 1.3 Ranged Weapons
 + Level 1.6 Armour
 + Level 2.3 Dodging
 - Level 6.0 Stealth
 + Level 3.8 Spellcasting
 + Level 1.1 Conjurations
 + Level 1.1 Air Magic
 + Level 1.8 Poison Magic
 + Level 1.3 Evocations


You had 9 spell levels left.
You knew the following spells:

 Your Spells              Type           Power      Damage    Failure   Level
a - Mephitic Cloud        Conj/Pois/Air  5%         N/A       43%         3

Your spell library contained the following spells:

 Spells                   Type           Power      Damage    Failure   Level
 Magic Dart               Conj           20%        1d4       17%         1
 Call Imp                 Summ           4%         N/A       38%         2


Dungeon Overview and Level Annotations

Branches:
Dungeon (8/15)
 Temple: D:4-7         Lair: D:8-11

Altars:
Cheibriados
Makhleb
Ru
Zin

Annotations:
D:4 exclusion: downstairs
D:6 exclusion: downstairs


Innate Abilities, Weirdness & Mutations

You cannot be hasted, slowed, berserked, paralysed or teleported.
You can dig through walls and to a lower floor.
You have a pair of large antennae on your head. (SInv)
Your four strong arms can wield two-handed weapons with a shield.


Message History

The ufetubus barely misses you. The ufetubus completely misses you.
The ufetubus misses you.
You closely miss the ufetubus.
The ufetubus is severely wounded.
The ufetubus hits you but does no damage.
The ufetubus barely misses you.
You hit the ufetubus.
You kill the ufetubus!
You closely miss the phantom.
The phantom is lightly damaged.
The phantom hits you.
You closely miss the phantom.
The phantom is lightly damaged.
The phantom closely misses you.
You hit the phantom. Lightning courses through the phantom!
The phantom is heavily damaged.
The phantom barely misses you.
You miss the phantom.
The phantom is moderately damaged.
The phantom barely misses you.
You hit the phantom but do no damage. Lightning courses through the phantom!
The phantom is almost destroyed.
The phantom hits you.
You closely miss the phantom.
The phantom is almost destroyed.
The phantom hits you.
* * * LOW HITPOINT WARNING * * *
You hit the phantom but do no damage.
The phantom is almost destroyed.
The phantom hits you.
* * * LOW HITPOINT WARNING * * *
Okay, then.
Unknown command.
Unknown command.
Are you sure you want to shaft yourself?
The phantom hits you.
* * * LOW HITPOINT WARNING * * *
You begin to dig a shaft.
You continue digging a shaft.
The phantom hits you.
You die...

#........(...
#..............
#..............
#..............#
##.......>....##
...........###
....######.##
...#.....###.#
####.##.....#>..#
#..............##
#....##..........
#..............#
#..............#
#..........#
#..>.......#
#......###W##
....###..###@##
### #.## ### ###


You could see a phantom.

Vanquished Creatures
  A centaur (D:8)
  A scorpion (D:6)
  A hound (D:3)
  A jelly (D:6)
  An orc wizard (D:8)
  An adder (D:2)
  An ufetubus (D:5)
  6 orcs (D:8)
  6 ball pythons
  3 bats
  7 endoplasms
  2 giant cockroaches (D:2)
  8 goblins
  4 hobgoblins
  9 kobolds
  4 quokkas
  9 frilled lizards
  4 rats
69 creatures vanquished.

Notes
Turn   | Place    | Note
-------+----------+-------------------------------------------
     0 | D:5      | petzl the Formicid Delver began the quest for the Orb.
     0 | D:5      | Reached XP level 1. HP: 18/18 MP: 1/1
    40 | D:4      | Noticed an iguana
   105 | D:5      | Noticed a hound
   105 | D:5      | Noticed a phantom
   309 | D:3      | Found a snail-covered altar of Cheibriados.
   309 | D:3      | Found a glowing silver altar of Zin.
   360 | D:4      | Noticed a sleepcap
   371 | D:3      | Reached skill level 1 in Spellcasting
   451 | D:2      | Reached XP level 2. HP: 24/24 MP: 2/4
   562 | D:1      | Reached XP level 3. HP: 29/29 MP: 6/6
   855 | D:1      | Found a faded altar of an unknown god.
  1199 | D:2      | Reached XP level 4. HP: 35/35 MP: 8/8
  1324 | D:2      | Learned a level 3 spell: Mephitic Cloud
  1429 | D:2      | Found a burning altar of Makhleb.
  1769 | D:3      | Reached XP level 5. HP: 32/41 MP: 10/10
  2036 | D:3      | You fall into a shaft and drop 3 floors!
  2083 | D:6      | Noticed a phantom
  2084 | D:6      | Noticed an ogre
  2104 | D:6      | Noticed a phantom
  2109 | D:6      | You fall into a shaft and drop 1 floor!
  2282 | D:7      | Noticed a black bear
  2299 | D:6      | Noticed an orc warrior
  2303 | D:6      | Noticed a phantom
  2311 | D:6      | You fall into a shaft and drop 2 floors!
  2415 | D:8      | Found a sacrificial altar of Ru.
  2417 | D:8      | Noticed a black bear
  2421 | D:8      | Identified the +3 leather armour of the Skies Above {rElec
                  | rC- Dex+5}
  2498 | D:8      | Reached skill level 1 in Armour
  2498 | D:8      | Reached skill level 1 in Poison Magic
  2589 | D:8      | Noticed a centaur
  2593 | D:8      | Noticed a sky beast
  2595 | D:8      | Killed a centaur
  2596 | D:8      | Reached skill level 1 in Ranged Weapons
  2596 | D:8      | Reached skill level 1 in Evocations
  2596 | D:8      | Reached XP level 6. HP: 47/47 MP: 11/11
  2623 | D:6      | Reached skill level 1 in Conjurations
  2623 | D:6      | Reached skill level 1 in Air Magic
  2690 | D:5      | HP: 1/46 [phantom (6)]
  2691 | D:5      | Slain by a phantom

Illustrated notes

Levels and vault maps discovered:
D:1:      lemuel_arrival_lava_pool, layout_rooms,
          hellmonk_ecumenical_altar_run_dry, hex_large, minmay_heptomino_l4
D:2:      layout_basic, basic_altar, serial_forest, infiniplex_forest_end_1,
          infiniplex_forest_straight_2, infiniplex_forest_lined_3,
          infiniplex_forest_lined_3, infiniplex_forest_clump_double,
          infiniplex_forest_end_3, infiniplex_forest_clump_cross,
          infiniplex_forest_lined_2
D:3:      layout_basic, nicolae_overflow_hidden_temple,
          chequers_temple_overflow_minitemple, grunt_ministairs_5
D:4:      layout_basic, minmay_temple_entry_enclosed_plants
D:5:      layout_cave_pools, fedhas_altar_fruit_tree
D:6:      layout_cave_pools, mainiacjoe_overflow_boulevard, serial_undead,
          serial_undead_d, serial_undead_f, serial_undead_c, serial_undead_a,
          grunt_decor_clamped, minmay_misc_feat_enclosed,
          nicolae_shop_i_like_small_books_too, minmay_strange_pillars,
          uniq_crazy_yiuf_cottage
D:7:      layout_gridville, st_stairs_9, minmay_microvault
D:8:      minmay_chambers_of_sixes, layout_loops_ring,
          mainiacjoe_overflow_chevrons

Skill      XL: |  1  2  3  4  5  6 |
---------------+-------------------+-----
Spellcasting   | 1 2 3 |  3.8
Armour         | 1 |  1.6
Dodging        | 2 |  2.3
Poison Magic   | 1 |  1.8
Ranged Weapons | 1 |  1.3
Evocations     | 1 |  1.3
Conjurations   | 1 |  1.1
Air Magic      | 1 |  1.1
Fighting       | |  3.7
Maces & Flails | |  2.0
Stealth        | |  6.0

Action                     |  1- 3 |  4- 6 || total
---------------------------+-------+-------++-------
  Melee: Mace              |    71 |       ||    71
         Dagger            |       |    56 ||    56
         Punch             |       |     2 ||     2
   Fire: Sling             |    13 |    86 ||    99
         Shortbow          |       |     4 ||     4
Ability: Dig               |     1 |     1 ||     2
         Shaft Self        |       |     4 ||     4
    Use: Scroll            |       |     5 ||     5
   Stab: Sleeping          |    12 |     1 ||    13
         Distracted        |     1 |       ||     1
 Armour: Leather armour    |    29 |    36 ||    65
         Ring mail         |     1 |    70 ||    71
  Dodge: Dodged            |    59 |    89 ||   148

Table legend: (Time is in decaauts)
 A = Elapsed time spent in this place.
 B = Non-inter-level travel time spent in this place.
 C = Inter-level travel time spent in this place.
 D = Time resting spent in this place.
 E = Time spent auto-exploring this place.
 F = Levels seen in this place.
 G = Mean time per level.
                   A        B        C        D        E       F      G
               +--------+--------+--------+--------+--------+-----+--------+
         Total |   2750 |   2695 |     55 |    297 |   1114 |   8 |  343.8 |
       Dungeon |   2750 |   2695 |     55 |    297 |   1114 |   8 |  343.8 |
               +--------+--------+--------+--------+--------+-----+--------+

Top non-repeatable levels by time:
     D:1: 656 daAuts
     D:2: 654 daAuts
     D:3: 441 daAuts
     D:4: 327 daAuts
     D:8: 298 daAuts
     D:7: 200 daAuts
     D:6: 137 daAuts
     D:5: 34 daAuts
